 Dungeon Crawl Stone Soup version 0.30.0-10-gfe55d96785 (webtiles) character file.

Game seed: 9463754586559954355

44011 qw the Severer (level 14, -2/91 HPs)
             Began as a Gargoyle Cinder Acolyte on May 17, 2023.
             Was a High Priest of Okawaru.
             Killed from afar by a lindwurm (9 damage)
             ... with a blast of flame
             ... on level 5 of the Lair of Beasts.
             The game lasted 00:10:13 (20191 turns).

qw the Severer (Gargoyle Cinder Acolyte)           Turns: 20191, Time: 00:10:14

Health: -2/91      AC: 36    Str: 21    XL:     14   Next: 26%
Magic:  21/21      EV:  9    Int: 17    God:    Okawaru [*****.]
Gold:   513        SH: 12    Dex: 11    Spells: 15/15 levels left

rFire   . . .        Y - +2 war axe (flame)
rCold   . . .        o - +0 buckler
rNeg    + . .        u - +0 plate armour
rPois   inf          q - +0 helmet
rElec   +            (no cloak)
rCorr   .            l - +0 pair of gloves
SInv    .            v - +0 pair of boots
Will    +....        j - amulet of reflection Stlth
                     d - +4 ring of protection
HPRegen 0.35/turn    x - +6 ring of dexterity
MPRegen 0.17/turn

%: reflection
@: heroic, flying, slowed, fire susceptible, very slow
A: sickness immunity, AC +10, big wings, negative energy resistance 1,
electricity resistance, torment resistance 1, petrification resistance
a: Renounce Religion, Heroism, Finesse, Duel


You were on level 5 of the Lair of Beasts.
You worshipped Okawaru.
Okawaru was extremely pleased with you.
You visited 3 branches of the dungeon, and saw 17 of its levels.

You collected 1180 gold pieces.
You spent 667 gold pieces at shops.


Innate Abilities, Weirdness & Mutations

You are immune to sickness and miasma.
Your stone body is resilient. (AC +10)
You are immune to poison.
Your large and strong wings let you fly.
You resist negative energy. (rN+)
You are resistant to electric shocks. (rElec)
You are resistant to unholy torment.
You are immune to petrification.


   Skills:
 + Level 11.8(16.8) Fighting
 - Level 15.0(20.0) Axes
 - Level 2.0(7.0) Throwing
 - Level 11.0(16.0) Armour
 - Level 2.3(7.3) Dodging
 - Level 7.1(12.1) Shields
 - Level 1.0 Spellcasting
 - Level 3.0 Fire Magic
 - Level 10.0 Invocations


You had 15 spell levels left.
You didn't know any spells.
Your spell library contained the following spells:

 Spells                   Type           Power      Damage    Failure   Level
 Scorch                   Fire           22%        2d6       71%         2

Inventory:

Hand Weapons
 Y - a +2 war axe of flaming (weapon)
Missiles
 s - 6 boomerangs (quivered)
Armour
 l - a +0 pair of gloves (worn)
 o - a +0 buckler (worn)
 q - a +0 helmet (worn)
 u - a +0 plate armour (worn)
 v - a +0 pair of boots (worn)
Jewellery
 d - a +4 ring of protection (left hand)
 j - an amulet of reflection (around neck)
 m - a ring of ice
 r - a ring of fire
 x - a +6 ring of dexterity (right hand)
Wands
 n - a wand of digging (9)
Scrolls
 b - 5 scrolls of identify
Potions
 c - a potion of might
 e - a potion of haste
 f - a potion of mutation
 i - 4 potions of curing
 t - a potion of flight {unknown}
 w - 2 potions of magic

Dungeon Overview and Level Annotations

Branches:
Dungeon (11/15)            Temple (1/1) D:5            Lair (5/5) D:11
  Swamp (0/4) Lair:2       Spider (0/4) Lair:3          Orc (0/2) D:9
  Slime: Lair:4-5

Altars:
Ashenzari
Cheibriados
Dithmenos
Elyvilon
Fedhas
Gozag
Hepliaklqana
Kikubaaqudgha
Makhleb
Nemelex Xobeh
Okawaru
Qazlal
Ru
Sif Muna
Trog
Uskayaw
Vehumet
Wu Jian
Xom
Yredelemnul
Zin
The Shining One

Shops:
D:8 =   D:10 (   D:11 !

Annotations:
D:3 2 transporters
D:7 1 runed translucent door, qw's ghost, novice GrCA
D:9 2 transporters
D:11 3 runed translucent doors, Dusieq's ghost, journeyman DsCj
Lair:5 2 runed translucent doors


Message History

The blast of flame misses you.
The hornet stings you but does no damage.
A hornet comes into view.
The hornet buzzes angrily.
You slice the hornet!! You burn the hornet.
You kill the hornet!
Okawaru accepts your kill.
You slash the torpor snail! You burn the torpor snail.
You hit the lindwurm but do no damage. You barely miss the lindwurm.
The lindwurm bites you but does no damage.
The lindwurm claws you but does no damage.
You block the lindwurm's attack. The lindwurm closely misses you.
The lindwurm claws you but does no damage.
The lindwurm barely misses you.
The lindwurm bites you but does no damage.
The lindwurm closely misses you.
The lindwurm claws you but does no damage.
You block the lindwurm's attack.
The lindwurm claws you but does no damage.
The lindwurm closely misses you.
You slash the lindwurm! You burn the lindwurm.
The lindwurm is severely wounded.
You slash the torpor snail! You burn the torpor snail. You slash the lindwurm!
You burn the lindwurm. You hit the torpor snail. You burn the torpor snail.
The torpor snail bites you. You block the lindwurm's attack.
The lindwurm barely misses you.
The lindwurm claws you but does no damage.
The lindwurm misses you. You block the lindwurm's attack. x2
The torpor snail bites you.
You slash the lindwurm! You burn the lindwurm.
The lindwurm is almost dead.
You slash the torpor snail! You burn the torpor snail.
You slash the torpor snail! You burn the torpor snail. You hit the lindwurm.
You burn the lindwurm. You block the torpor snail's attack.
The lindwurm breathes flames at you. The blast of flame hits you.
The lindwurm breathes flames at you. The blast of flame hits you!
You die...

######## #
###.P.##.# ####..
###........###
#.....
#....#.#.....##....P
###...#####.....#..#
#..%##.# ###...%k###
##.}.### ###.@wy.#
#+#...## ##wk..P.#
D####..# ##....... $
#..## #.P....
##..### ..#.##
#....# .#.##
#####..## .##
##..#..## #
##.#...##


You could see 2 torpor snails, 2 lindwurms and a hornet.

Vanquished Creatures
  Gastronok (Lair:1)
  A hydra (Lair:3)
  A boulder beetle (Lair:4)
  5 death yaks
  Amaemon (Lair:1)
  A skyshark (Lair:2)
  Pikel (D:5)
  An ugly thing (D:11)
  A cyclops (D:11)
  4 elephants (Lair:4)
  5 torpor snails
  4 black mambas
  An orange demon (Lair:1)
  14 cane toads
  4 rime drakes
  6 komodo dragons
  11 polar bears (Lair:5)
  5 hornets
  A tarantella (shapeshifter) (D:11)
  Grinder (D:3)
  A tyrant leech (Lair:5)
  6 dream sheep (Lair:5)
  A raiju (Lair:5)
  23 blink frogs
  36 yaks
  A shadow (D:11)
  6 wyverns
  4 wraiths
  7 fire elementals
  A redback (Lair:3)
  5 wargs
  Duvessa (D:5)
  11 water moccasins
  6 hell hounds (Lair:5)
  2 orc warriors
  12 black bears
  25 wolves
  2 centaurs
  3 ogres
  3 phantoms
  5 kobold brigands
  8 bullfrogs
  A gnoll sergeant (D:9)
  3 scorpions
  Dowan (D:5)
  11 killer bees
  4 howler monkeys
  6 orc priests
  A hound (D:7)
  2 sleepcaps
  2 iguanas
  14 orc wizards
  5 hell rats
  12 adders
  7 gnolls
  4 shadow imps
  2 white imps
  An ufetubus (D:5)
  A worm (D:4)
  15 dart slugs
  56 orcs
  7 ball pythons
  9 bats
  13 endoplasms
  3 giant cockroaches
  5 goblins
  8 hobgoblins
  30 kobolds
  5 quokkas
  7 frilled lizards
  4 rats
477 creatures vanquished.

Notes
Turn   | Place    | Note
-------+----------+-------------------------------------------
     0 | D:1      | qw the Gargoyle Cinder Acolyte began the quest for the Orb.
     0 | D:1      | Reached XP level 1. HP: 14/14 MP: 2/2
     0 | D:1      | 0 ||| qw: Version: 0.2-a-95-g206ef33
     0 | D:1      | 0 ||| qw: Game counter: 180
     0 | D:1      | 0 ||| qw: Always use a shield: true
     0 | D:1      | 0 ||| qw: God list: Okawaru
     0 | D:1      | 0 ||| qw: Allow faded altars: false
     0 | D:1      | 0 ||| qw: Do Orc after D:15 true
     0 | D:1      | 0 ||| qw: Do second Lair branch before Depths: true
     0 | D:1      | 0 ||| qw: Lair rune preference: random
     0 | D:1      | 0 ||| qw: Plans: Normal
     0 | D:1      | 0 ||| PLANNING D:1-11
    61 | D:1      | Reached skill level 3 in Axes
    99 | D:1      | Reached XP level 2. HP: 17/19 MP: 3/3
   153 | D:1      | 153 ||| Stepping ~*~*~tactically~*~*~ (hiding).
   161 | D:1      | 161 ||| INVOKING Fiery Armour.
   272 | D:1      | Reached XP level 3. HP: 23/23 MP: 4/4
   522 | D:1      | 522 ||| Stepping ~*~*~tactically~*~*~ (stealth).
   528 | D:1      | 528 ||| Stepping ~*~*~tactically~*~*~ (hiding).
   529 | D:1      | 529 ||| Stepping ~*~*~tactically~*~*~ (hiding).
   596 | D:1      | 596 ||| Stepping ~*~*~tactically~*~*~ (hiding).
   734 | D:1      | Reached skill level 4 in Axes
   794 | D:1      | 794 ||| Stepping ~*~*~tactically~*~*~ (hiding).
  1031 | D:1      | 1031 ||| UPGRADING to +0 ring mail.
  1041 | D:1      | 1041 ||| DROPPING +0 robe.
  1042 | D:1      | 1042 ||| READING scroll labelled CEXKUO VUPLEY.
  1043 | D:1      | 1043 ||| READING scroll labelled TUBRABRESI.
  1128 | D:2      | 1128 ||| STAIRDANCE
  1273 | D:2      | Reached skill level 1 in Armour
  1273 | D:2      | Reached XP level 4. HP: 23/28 MP: 5/5
  1801 | D:2      | 1801 ||| Stepping ~*~*~tactically~*~*~ (stealth).
  1803 | D:2      | 1803 ||| Stepping ~*~*~tactically~*~*~ (stealth).
  1852 | D:2      | 1852 ||| READING scroll labelled JOFUMAISEST.
  1922 | D:3      | Found a transporter.
  2068 | D:3      | Found a glowing golden altar of the Shining One.
  2070 | D:3      | Noticed Grinder
  2080 | D:3      | 2080 ||| INVOKING Fiery Armour.
  2083 | D:3      | Paralysed by Grinder for 2 turns
  2089 | D:3      | 2089 ||| Stepping ~*~*~tactically~*~*~ (hiding).
  2094 | D:3      | HP: 7/28 [Grinder/nerve-wracking pain (3)]
  2095 | D:3      | 2095 ||| READING scroll of teleportation.
  2096 | D:3      | Killed Grinder
  2097 | D:3      | Reached skill level 6 in Axes
  2097 | D:3      | Reached XP level 5. HP: 9/32 MP: 6/6
  2097 | D:3      | Reached XP level 6. HP: 10/37 MP: 7/7
  2214 | D:3      | Found a transporter.
  2350 | D:3      | 2350 ||| Stepping ~*~*~tactically~*~*~ (hiding).
  2685 | D:3      | 2685 ||| Stepping ~*~*~tactically~*~*~ (hiding).
  2687 | D:3      | 2687 ||| Stepping ~*~*~tactically~*~*~ (hiding).
  2693 | D:3      | 2693 ||| INVOKING Fiery Armour.
  2723 | D:3      | Identified the +1 robe of the Miller {Will+}
  2807 | D:3      | 2807 ||| UPGRADING to +0 scale mail.
  2817 | D:3      | 2817 ||| DROPPING +0 ring mail.
  2818 | D:3      | 2818 ||| UPGRADING to amulet of the acrobat.
  2823 | D:3      | 2823 ||| UPGRADING to amulet of reflection.
  2833 | D:3      | 2833 ||| DROPPING amulet of the acrobat.
  2834 | D:3      | 2834 ||| READING scroll labelled XYMEIC KUUWAXO.
  2835 | D:3      | 2835 ||| READING 2 scrolls labelled NACLUI LATADIGUCA.
  2836 | D:3      | 2836 ||| READING scroll of enchant weapon.
  2836 | D:3      | 2836 ||| ENCHANTING +0 hand axe of flaming.
  2837 | D:3      | 2837 ||| READING scroll labelled HEXOZX TEILOO.
  2838 | D:3      | 2838 ||| READING scroll labelled XAOTHRY UXINN.
  2839 | D:3      | 2839 ||| DRINKING 3 fizzy silvery potions.
  2845 | D:4      | 2845 ||| INVOKING Fiery Armour.
  2866 | D:4      | Reached XP level 7. HP: 29/44 MP: 8/8
  3093 | D:4      | Found a stormy altar of Qazlal.
  3123 | D:4      | 3123 ||| Stepping ~*~*~tactically~*~*~ (hiding).
  3244 | D:4      | 3244 ||| Stepping ~*~*~tactically~*~*~ (stealth).
  3245 | D:4      | 3245 ||| Stepping ~*~*~tactically~*~*~ (hiding).
  3302 | D:4      | 3302 ||| UPGRADING to +0 chain mail.
  3312 | D:4      | 3312 ||| DROPPING +0 scale mail.
  3597 | D:4      | 3597 ||| READING scroll labelled NAHOMIDWORYA.
  3643 | D:4      | Found a shimmering blue altar of Sif Muna.
  3659 | D:4      | 3659 ||| READING scroll labelled TAWKAC QEWKIMA.
  3799 | D:4      | 3799 ||| Stepping ~*~*~tactically~*~*~ (hiding).
  3800 | D:4      | 3800 ||| Stepping ~*~*~tactically~*~*~ (hiding).
  3801 | D:4      | 3801 ||| Stepping ~*~*~tactically~*~*~ (hiding).
  3806 | D:4      | 3806 ||| Stepping ~*~*~tactically~*~*~ (hiding).
  3843 | D:4      | 3843 ||| Stepping ~*~*~tactically~*~*~ (hiding).
  3846 | D:4      | 3846 ||| Stepping ~*~*~tactically~*~*~ (hiding).
  3968 | D:4      | 3968 ||| DRINKING 2 blue potions.
  3990 | D:4      | 3990 ||| READING 2 scrolls of identify.
  3990 | D:4      | 3990 ||| IDENTIFYING glowing silvery potion
  3991 | D:4      | 3991 ||| DROPPING potion of degeneration.
  4144 | D:4      | 4144 ||| Stepping ~*~*~tactically~*~*~ (stealth).
  4146 | D:4      | 4146 ||| Stepping ~*~*~tactically~*~*~ (hiding).
  4147 | D:4      | 4147 ||| Stepping ~*~*~tactically~*~*~ (hiding).
  4150 | D:4      | 4150 ||| Stepping ~*~*~tactically~*~*~ (hiding).
  4268 | D:4      | 4268 ||| Stepping randomly (stuck).
  4407 | D:4      | 4407 ||| UPGRADING to +4 ring of protection.
  4489 | D:4      | 4489 ||| Stepping randomly (stuck).
  4532 | D:5      | Entered Level 5 of the Dungeon
  4589 | D:5      | 4589 ||| Stepping ~*~*~tactically~*~*~ (stealth).
  4590 | D:5      | 4590 ||| Stepping ~*~*~tactically~*~*~ (stealth).
  4591 | D:5      | 4591 ||| Stepping ~*~*~tactically~*~*~ (stealth).
  4592 | D:5      | 4592 ||| Stepping ~*~*~tactically~*~*~ (stealth).
  4615 | D:5      | Reached skill level 7 in Axes
  4665 | D:5      | 4665 ||| SWAPPING to +0 war axe.
  4852 | D:5      | Noticed Pikel
  4856 | D:5      | 4856 ||| INVOKING Fiery Armour.
  4868 | D:5      | Killed Pikel
  4869 | D:5      | Reached XP level 8. HP: 53/53 MP: 9/9
  4881 | D:5      | 4881 ||| Stepping ~*~*~tactically~*~*~ (stealth).
  4883 | D:5      | 4883 ||| Stepping ~*~*~tactically~*~*~ (hiding).
  5080 | D:5      | Reached skill level 3 in Armour
  5251 | D:5      | 5251 ||| READING scroll of enchant weapon.
  5251 | D:5      | 5251 ||| ENCHANTING +0 war axe.
  5382 | D:5      | Noticed Duvessa
  5382 | D:5      | Noticed Dowan
  5383 | D:5      | 5383 ||| INVOKING Fiery Armour.
  5395 | D:5      | Killed Duvessa
  5404 | D:5      | Killed Dowan
  5405 | D:5      | Reached skill level 8 in Axes
  5679 | D:5      | Found a staircase to the Ecumenical Temple.
  5749 | D:5      | 5749 ||| READING 2 scrolls of identify.
  5749 | D:5      | 5749 ||| IDENTIFYING green potion
  5814 | D:6      | Found an opulent altar of Gozag.
  5872 | D:6      | 5872 ||| Stepping ~*~*~tactically~*~*~ (stealth).
  5892 | D:6      | Reached XP level 9. HP: 33/57 MP: 10/10
  6090 | D:6      | Found a basalt altar of Yredelemnul.
  6359 | D:6      | Reached skill level 9 in Axes
  6454 | D:6      | 6454 ||| Stepping ~*~*~tactically~*~*~ (hiding).
  6679 | D:6      | 6679 ||| UPGRADING to +0 buckler.
  6684 | D:6      | 6684 ||| READING scroll labelled TOSIRPH XEXOURY.
  6703 | D:7      | 6703 ||| STAIRDANCE
  6711 | D:6      | Reached skill level 1 in Shields
  6788 | D:7      | Reached skill level 3 in Shields
  6791 | D:7      | 6791 ||| INVOKING Fiery Armour.
  7400 | D:7      | Found an ancient bone altar of Kikubaaqudgha.
  7965 | D:7      | Noticed qw's ghost (novice GrCA)
  7966 | D:7      | Found a runed translucent door.
  8093 | D:7      | 8093 ||| UPGRADING to +0 pair of gloves.
  8098 | D:7      | 8098 ||| READING scroll labelled ZAARRA XIOSCH.
  8109 | D:8      | 8109 ||| INVOKING Fiery Armour.
  8120 | D:8      | Reached skill level 10 in Axes
  8285 | D:8      | Reached skill level 1 in Dodging
  8337 | D:8      | Found Naoppov's Jewellery Shop.
  8343 | D:8      | 8343 ||| SHOPLISTING ring "Yntamon" {rPois rF+ Str+3
                  | Slay+3} (793 gold, have 471).
  8343 | D:8      | 8343 ||| BUYING ring of fire (375 gold).
  8343 | D:8      | Bought a ring of fire for 375 gold pieces
  8343 | D:8      | 8343 ||| SHOPLISTING ring of resist corrosion (300 gold,
                  | have 96).
  8361 | D:8      | 8361 ||| Stepping ~*~*~tactically~*~*~ (stealth).
  8553 | D:8      | Reached skill level 1 in Throwing
  8553 | D:8      | Reached XP level 10. HP: 48/63 MP: 11/11
  8619 | D:8      | Found an ornate altar of the Wu Jian Council.
  8620 | D:8      | Found a glowing silver altar of Zin.
  8859 | D:8      | 8859 ||| INVOKING Fiery Armour.
  9180 | D:8      | 9180 ||| UPGRADING to +0 helmet.
  9248 | D:9      | 9248 ||| Stepping ~*~*~tactically~*~*~ (hiding).
  9253 | D:9      | 9253 ||| DRINKING 6 potions of curing.
  9253 | D:9      | 9253 ||| (to cure confusion)
  9254 | D:9      | 9254 ||| INVOKING Fiery Armour.
  9466 | D:9      | 9466 ||| Stepping ~*~*~tactically~*~*~ (stealth).
  9471 | D:9      | 9471 ||| Stepping ~*~*~tactically~*~*~ (hiding).
  9481 | D:9      | 9481 ||| Stepping ~*~*~tactically~*~*~ (hiding).
  9604 | D:9      | Found a transporter.
  9614 | D:9      | 9614 ||| Stepping ~*~*~tactically~*~*~ (hiding).
  9940 | D:9      | Reached skill level 6 in Armour
 10006 | D:9      | Found a transporter.
 10324 | D:9      | You fall into a shaft and drop 2 floors!
 10331 | D:11     | 10331 ||| Stepping ~*~*~tactically~*~*~ (hiding).
 10340 | D:11     | 10340 ||| DRINKING 5 potions of curing.
 10340 | D:11     | 10340 ||| (to cure confusion)
 10366 | D:11     | 10366 ||| INVOKING Fiery Armour.
 10370 | D:11     | HP: 15/64 [orc priest/+0 flail (6)]
 10371 | D:11     | 10371 ||| READING scroll of teleportation.
 10372 | D:11     | 10372 ||| DRINKING 2 potions of heal wounds.
 10375 | D:11     | Noticed a brown ugly thing
 10380 | D:11     | HP: 10/64 [something (10)]
 10381 | D:11     | 10381 ||| DRINKING potion of heal wounds.
 10386 | D:11     | Reached skill level 11 in Axes
 10387 | D:11     | HP: 15/64 [brown ugly thing (2)]
 10389 | D:11     | HP: 4/64 [shadow (7)]
 10390 | D:11     | HP: 1/64 [orc warrior/+0 hand axe (3)]
 10391 | D:11     | Killed a brown ugly thing
 10392 | D:11     | Reached skill level 9 in Fighting
 10416 | D:11     | HP: 6/66 [orc priest/nerve-wracking pain (3)]
 10419 | D:11     | 10419 ||| DRINKING 4 potions of curing.
 10419 | D:11     | 10419 ||| (to cure confusion)
 10419 | D:11     | HP: 2/66 [orc priest/divine providence (14)]
 10420 | D:11     | 10420 ||| DRINKING 3 potions of curing.
 10420 | D:11     | 10420 ||| (to cure confusion)
 10423 | D:11     | Reached XP level 11. HP: 9/71 MP: 12/12
 10424 | D:11     | 10424 ||| Stepping randomly (disturbance).
 10424 | D:11     | HP: 8/71 [something (1)]
 10732 | D:11     | Noticed a cyclops
 10734 | D:11     | Found Viunil's Distillery.
 10745 | D:11     | Killed a cyclops
 10826 | D:11     | 10826 ||| UPGRADING to +0 plate armour.
 10836 | D:11     | 10836 ||| DROPPING +0 chain mail.
 10837 | D:11     | 10837 ||| UPGRADING to +0 pair of boots.
 10886 | D:10     | Entered Level 10 of the Dungeon
 10913 | D:10     | Found Xaugyeq's Hydra Hut.
 10918 | D:10     | Noticed a four-headed hydra
 10922 | D:10     | 10922 ||| BUYING +1 war axe of flaming (172 gold).
 10922 | D:10     | Bought a +1 war axe of flaming for 172 gold pieces
 10922 | D:10     | 10922 ||| SHOPLISTING +3 broad axe of flaming (314 gold,
                  | have 46).
 10922 | D:10     | 10922 ||| SHOPLISTING +3 war axe of flaming (302 gold, have
                  | 46).
 10922 | D:10     | 10922 ||| SWAPPING to +1 war axe of flaming.
 10923 | D:10     | 10923 ||| DROPPING +1 hand axe of flaming.
 10924 | D:10     | 10924 ||| DROPPING +1 war axe.
 10940 | D:10     | Found a radiant altar of Vehumet.
 10952 | D:10     | 10952 ||| INVOKING Fiery Armour.
 11108 | D:10     | Found a white marble altar of Elyvilon.
 11335 | D:9      | Found a staircase to the Orcish Mines.
 11559 | D:9      | 11559 ||| READING 2 scrolls of identify.
 11559 | D:9      | 11559 ||| IDENTIFYING amethyst potion
 12152 | D:10     | 12152 ||| DRINKING 2 lumpy red potions.
 12153 | D:10     | 12153 ||| DRINKING 2 potions of curing.
 12153 | D:10     | 12153 ||| (to cure confusion)
 12154 | D:10     | 12154 ||| DROPPING potion of ambrosia.
 12190 | D:11     | Found a runed translucent gate.
 12190 | D:11     | Found a runed translucent gate.
 12190 | D:11     | Found a runed translucent gate.
 12195 | D:11     | Noticed Dusieq's ghost (journeyman DsCj)
 12309 | D:11     | Found a sparkling altar of Nemelex Xobeh.
 12368 | D:11     | 12368 ||| READING scroll of enchant weapon.
 12368 | D:11     | 12368 ||| ENCHANTING +1 war axe of flaming.
 12384 | D:11     | 12384 ||| BUYING potion of curing (45 gold).
 12384 | D:11     | Bought a potion of curing for 45 gold pieces
 12384 | D:11     | 12384 ||| BUYING potion of heal wounds (75 gold).
 12384 | D:11     | Bought a potion of heal wounds for 75 gold pieces
 12629 | D:11     | Found a staircase to the Lair.
 12986 | D:11     | 12986 ||| PLANNING LAIR
 12986 | D:11     | 12986 ||| UPGRADING to ring of willpower.
 12987 | D:11     | 12987 ||| UPGRADING to +6 ring of dexterity.
 12989 | D:11     | 12989 ||| DROPPING ring of willpower.
 13019 | Lair:1   | Entered Level 1 of the Lair of Beasts
 13029 | Lair:1   | 13029 ||| INVOKING Fiery Armour.
 13127 | Lair:1   | 13127 ||| PLANNING TEMPLE
 13324 | Temple   | Entered the Ecumenical Temple
 13339 | Temple   | 13339 ||| PLANNING OKAWARU WORSHIP
 13415 | Temple   | Fell from the grace of Ignis
 13415 | Temple   | Became a worshipper of Warmaster Okawaru
 13416 | Temple   | 13416 ||| PLANNING LAIR
 13826 | Lair:1   | 13826 ||| Stepping ~*~*~tactically~*~*~ (stealth).
 13848 | Lair:1   | Reached * piety under Okawaru
 13849 | Lair:1   | Reached skill level 9 in Armour
 13849 | Lair:1   | 13849 ||| INVOKING Heroism.
 13853 | Lair:1   | Reached skill level 12 in Axes
 13983 | Lair:1   | Noticed Gastronok
 13984 | Lair:1   | 13984 ||| Stepping ~*~*~tactically~*~*~ (hiding).
 13991 | Lair:1   | 13991 ||| INVOKING Heroism.
 14009 | Lair:1   | Killed Gastronok
 14010 | Lair:1   | Reached skill level 6 in Shields
 14038 | Lair:1   | Reached skill level 1 in Invocations
 14044 | Lair:1   | Reached ** piety under Okawaru
 14108 | Lair:1   | Noticed Amaemon
 14109 | Lair:1   | 14109 ||| INVOKING Heroism.
 14126 | Lair:1   | Killed Amaemon
 14127 | Lair:1   | Reached skill level 3 in Invocations
 14127 | Lair:1   | Reached XP level 12. HP: 45/77 MP: 11/14
 14271 | Lair:1   | 14271 ||| Stepping ~*~*~tactically~*~*~ (stealth).
 14280 | Lair:1   | 14280 ||| Stepping ~*~*~tactically~*~*~ (stealth).
 14416 | Lair:1   | You fall into a shaft and drop 1 floor!
 14417 | Lair:2   | 14417 ||| Stepping ~*~*~tactically~*~*~ (stealth).
 14565 | Lair:2   | 14565 ||| INVOKING Heroism.
 14569 | Lair:2   | Noticed a death yak
 14585 | Lair:2   | 14585 ||| INVOKING Heroism.
 14586 | Lair:2   | Killed a death yak
 14601 | Lair:2   | 14601 ||| INVOKING Heroism.
 14630 | Lair:2   | 14630 ||| INVOKING Heroism.
 14790 | Lair:2   | 14790 ||| INVOKING Heroism.
 14812 | Lair:2   | Found a staircase to the Swamp.
 14823 | Lair:2   | Noticed a skyshark
 14836 | Lair:2   | Killed a skyshark
 14953 | Lair:2   | 14953 ||| Stepping ~*~*~tactically~*~*~ (stealth).
 14954 | Lair:2   | 14954 ||| Stepping ~*~*~tactically~*~*~ (stealth).
 14959 | Lair:2   | Reached skill level 13 in Axes
 14966 | Lair:2   | Reached *** piety under Okawaru
 15004 | Lair:2   | 15004 ||| DRINKING 3 fuming golden potions.
 15008 | Lair:2   | 15008 ||| Stepping ~*~*~tactically~*~*~ (stealth).
 15123 | Lair:1   | 15123 ||| INVOKING Heroism.
 15753 | Lair:2   | 15753 ||| Stepping ~*~*~tactically~*~*~ (stealth).
 16392 | Lair:3   | Found a hole to the Spider Nest.
 16451 | Lair:3   | 16451 ||| INVOKING Heroism.
 16602 | Lair:3   | 16602 ||| INVOKING Heroism.
 16604 | Lair:3   | 16604 ||| Stepping ~*~*~tactically~*~*~ (stealth).
 16632 | Lair:3   | 16632 ||| INVOKING Heroism.
 16774 | Lair:3   | Noticed a five-headed hydra
 16775 | Lair:3   | 16775 ||| INVOKING Heroism.
 16786 | Lair:3   | Killed a one-headed hydra
 16813 | Lair:3   | Reached skill level 14 in Axes
 16828 | Lair:3   | 16828 ||| INVOKING Heroism.
 16831 | Lair:3   | HP: 10/77 [fire elemental[the fiery vengeance of Ignis]
                  | (11)]
 16831 | Lair:3   | HP: 3/77 [fire elemental[the fiery vengeance of Ignis] (7)]
 16832 | Lair:3   | 16832 ||| READING 2 scrolls of teleportation.
 16833 | Lair:3   | 16833 ||| DRINKING potion of heal wounds.
 17107 | Lair:3   | 17107 ||| Stepping ~*~*~tactically~*~*~ (stealth).
 17130 | Lair:3   | 17130 ||| Stepping ~*~*~tactically~*~*~ (stealth).
 17226 | Lair:3   | 17226 ||| Stepping ~*~*~tactically~*~*~ (stealth).
 17227 | Lair:3   | 17227 ||| INVOKING Heroism.
 17229 | Lair:3   | 17229 ||| Stepping ~*~*~tactically~*~*~ (stealth).
 17245 | Lair:3   | Reached XP level 13. HP: 55/82 MP: 16/16
 17360 | Lair:3   | 17360 ||| Stepping ~*~*~tactically~*~*~ (stealth).
 17374 | Lair:3   | Reached **** piety under Okawaru
 17573 | Lair:3   | You fall into a shaft and drop 2 floors!
 17573 | Lair:5   | Entered Level 5 of the Lair of Beasts
 17574 | Lair:5   | 17574 ||| Stepping ~*~*~tactically~*~*~ (stealth).
 17576 | Lair:5   | 17576 ||| Stepping ~*~*~tactically~*~*~ (stealth).
 17589 | Lair:5   | 17589 ||| INVOKING Heroism.
 17636 | Lair:5   | 17636 ||| Stepping ~*~*~tactically~*~*~ (stealth).
 17680 | Lair:5   | 17680 ||| READING scroll labelled WIEWUBO VIBA.
 17681 | Lair:5   | 17681 ||| READING 3 scrolls of identify.
 17681 | Lair:5   | 17681 ||| IDENTIFYING lumpy green potion
 17682 | Lair:5   | 17682 ||| READING 2 scrolls of identify.
 17682 | Lair:5   | 17682 ||| IDENTIFYING ruby potion
 17683 | Lair:5   | 17683 ||| DROPPING potion of berserk rage.
 17684 | Lair:5   | 17684 ||| DROPPING potion of brilliance.
 17708 | Lair:4   | 17708 ||| INVOKING Heroism.
 17783 | Lair:4   | Identified the +0 leather armour of Vlad {+Blink}
 17839 | Lair:4   | 17839 ||| READING 2 scrolls of identify.
 17839 | Lair:4   | 17839 ||| IDENTIFYING dark potion
 17840 | Lair:4   | 17840 ||| DROPPING potion of lignification.
 17941 | Lair:4   | 17941 ||| STAIRDANCE
 18008 | Lair:4   | 18008 ||| STAIRDANCE
 18082 | Lair:4   | 18082 ||| INVOKING Heroism.
 18193 | Lair:4   | Reached skill level 6 in Invocations
 18194 | Lair:4   | 18194 ||| INVOKING Heroism.
 18263 | Lair:4   | 18263 ||| INVOKING Heroism.
 18332 | Lair:4   | 18332 ||| INVOKING Heroism.
 18858 | Lair:4   | 18858 ||| READING 2 scrolls of identify.
 18858 | Lair:4   | 18858 ||| IDENTIFYING black potion
 18869 | Lair:5   | 18869 ||| INVOKING Heroism.
 18882 | Lair:5   | Received a gift from Okawaru
 18999 | Lair:5   | Reached ***** piety under Okawaru
 19001 | Lair:5   | 19001 ||| Stepping ~*~*~tactically~*~*~ (stealth).
 19010 | Lair:5   | 19010 ||| INVOKING Heroism.
 19057 | Lair:5   | 19057 ||| INVOKING Heroism.
 19263 | Lair:5   | 19263 ||| Stepping ~*~*~tactically~*~*~ (stealth).
 19265 | Lair:5   | 19265 ||| INVOKING Heroism.
 19266 | Lair:5   | 19266 ||| INVOKING Finesse.
 19292 | Lair:5   | 19292 ||| Stepping ~*~*~tactically~*~*~ (stealth).
 19306 | Lair:5   | 19306 ||| INVOKING Finesse.
 19341 | Lair:5   | 19341 ||| INVOKING Heroism.
 19368 | Lair:5   | Reached skill level 9 in Invocations
 19438 | Lair:5   | Found a runed translucent door.
 19448 | Lair:5   | 19448 ||| INVOKING Heroism.
 19637 | Lair:5   | Gained mutation: Your large and strong wings let you fly.
                  | [Gargoyle growth]
 19637 | Lair:5   | Reached XP level 14. HP: 90/90 MP: 20/20
 19686 | Lair:5   | 19686 ||| Stepping ~*~*~tactically~*~*~ (hiding).
 19716 | Lair:5   | 19716 ||| INVOKING Heroism.
 19733 | Lair:5   | 19733 ||| Stepping ~*~*~tactically~*~*~ (stealth).
 19761 | Lair:5   | 19761 ||| Stepping ~*~*~tactically~*~*~ (stealth).
 19762 | Lair:5   | 19762 ||| Stepping ~*~*~tactically~*~*~ (stealth).
 19763 | Lair:5   | 19763 ||| Stepping ~*~*~tactically~*~*~ (hiding).
 19768 | Lair:5   | 19768 ||| Stepping ~*~*~tactically~*~*~ (stealth).
 19769 | Lair:5   | 19769 ||| Stepping ~*~*~tactically~*~*~ (stealth).
 19783 | Lair:5   | 19783 ||| Stepping ~*~*~tactically~*~*~ (stealth).
 19814 | Lair:5   | 19814 ||| Stepping ~*~*~tactically~*~*~ (stealth).
 19868 | Lair:5   | 19868 ||| INVOKING Heroism.
 19874 | Lair:5   | Reached skill level 15 in Axes
 19888 | Lair:5   | Received a gift from Okawaru
 19896 | Lair:5   | HP: 22/90 [polar bear (12)]
 19897 | Lair:5   | 19897 ||| READING 2 scrolls of teleportation.
 19903 | Lair:5   | 19903 ||| READING scroll of teleportation.
 19903 | Lair:5   | HP: 17/90 [hell hound (1)]
 19907 | Lair:5   | 19907 ||| INVOKING Heroism.
 19992 | Lair:5   | 19992 ||| Stepping ~*~*~tactically~*~*~ (stealth).
 20025 | Lair:5   | 20025 ||| Stepping ~*~*~tactically~*~*~ (stealth).
 20044 | Lair:5   | 20044 ||| Stepping ~*~*~tactically~*~*~ (stealth).
 20046 | Lair:5   | 20046 ||| Stepping ~*~*~tactically~*~*~ (stealth).
 20053 | Lair:5   | 20053 ||| Stepping ~*~*~tactically~*~*~ (stealth).
 20059 | Lair:5   | 20059 ||| Stepping ~*~*~tactically~*~*~ (stealth).
 20137 | Lair:5   | Found a runed translucent door.
 20139 | Lair:5   | 20139 ||| INVOKING Heroism.
 20172 | Lair:5   | 20172 ||| INVOKING Heroism.
 20187 | Lair:5   | HP: 17/91 [tyrant leech (13)]
 20191 | Lair:5   | HP: 7/91 [lindwurm/blast of flame (4)]
 20191 | Lair:5   | Killed from afar by a lindwurm

Levels and vault maps discovered:
D:1:      nzn_arrival_depleted_hourglass, layout_basic
D:2:      layout_basic
D:3:      gammafunk_steamed_eel, layout_loops_ring, lemuel_doored_altar,
          minmay_guardbox, uniq_grinder
D:4:      kennysheep_slugbush, layout_basic, mainiacjoe_overflow_catwalk,
          overflow_temple_1_default, minmay_fractal_squares_5
D:5:      layout_loops_corners, minmay_temple_entry_fiery, uniq_duvessa,
          uniq_pikel
D:6:      layout_basic, mainiacjoe_overflow_cross_hatched,
          mainiacjoe_overflow_small_starburst
D:7:      layout_basic, mainiacjoe_overflow_boulevard, gammafunk_ghost_grave
D:8:      layout_gridville, mainiacjoe_overflow_divided_tiny, serial_shops, shop
D:9:      layout_loops_corners, hiddenorc1_lemuel, grunt_ministairs_8,
          nicolae_diode_stairs
D:10:     layout_basic, mainiacjoe_overflow_surrounded_room,
          mainiacjoe_overflow_24_doors, doesnt_shop_hydraphobe
D:11:     layout_cave_pods, erik_lair_orcish_takeover, gammafunk_ghost_spectres,
          serial_shops, nicolae_shop_industrial_runoff,
          nemelex_spade_bored_becter
Temple:   nicolae_temple_hex_pool
Lair:1:   statuecave_lemuel, layout_loops_ring, uniq_amaemon, uniq_gastronok
Lair:2:   layout_layer_cave, swamp_mist, st_stairs_12
Lair:3:   layout_regular_city, spider_nest_entry_rubble, grunt_megastairs_3
Lair:4:   layout_hall_layers
Lair:5:   wormcave, layout_small_grid, hangedman_lair_caniforms_friends,
          slime_entry_2, gammafunk_ghost_berserking_beasts,
          minmay_stone_trees_medium, nicolae_lair_lil_pond, serial_bayou_pond_b,
          minmay_lair_oklob_items, st_stairs_9, columned_hall_lemuel

Skill      XL: |  1  2  3  4  5  6  7  8  9 10 11 12 13 14 |
---------------+-------------------------------------------+-----
Axes           | 3 4 6 7 8 10 11 12 14 15 | 15.0
Armour         | 1 2 3 4 6 9 10 11 | 11.0
Fighting       | 4 7 9 10 11 | 11.8
Shields        | 4 5 6 7 |  7.1
Dodging        | 1 2 |  2.3
Throwing       | 1 2 |  2.0
Invocations    | 3 4 9 10 | 10.0
Spellcasting   | |  1.0
Fire Magic     | |  3.0

Action                     |  1- 3 |  4- 6 |  7- 9 | 10-12 | 13-15 || total
---------------------------+-------+-------+-------+-------+-------++-------
  Melee: Hand axe          |   118 |   127 |    91 |       |       ||   336
         Punch             |     1 |       |     4 |       |       ||     5
         War axe           |       |       |   331 |   671 |   457 ||  1459
  Throw: Boomerang         |       |       |     2 |   110 |    68 ||   180
 Invoke: Fiery Armour      |     1 |     3 |     4 |     5 |       ||    13
         Heroism           |       |       |       |    15 |    17 ||    32
         Finesse           |       |       |       |       |     2 ||     2
    Use: Scroll            |     2 |     7 |     7 |     4 |     7 ||    27
         Potion            |       |     1 |     1 |    10 |       ||    12
   Stab: Distracted        |       |       |       |     1 |       ||     1
 Armour: Robe              |    28 |       |       |       |       ||    28
         Ring mail         |    19 |    43 |       |       |       ||    62
         Scale mail        |       |     4 |    21 |       |       ||    25
         Chain mail        |       |       |   202 |   169 |       ||   371
         Plate armour      |       |       |       |   221 |   313 ||   534
  Dodge: Dodged            |    61 |    64 |   121 |   169 |   167 ||   582
  Block: Other             |       |     3 |    37 |       |       ||    40
         Reflection        |       |       |     8 |     6 |     1 ||    15
         Buckler           |       |       |    79 |   279 |   256 ||   614

Table legend:
 A = Non-vault XP
 B = Vault XP
 C = Vault XP percentage of total XP
 D = Non-vault monster count
 E = Vault monster count
 F = Vault count percentage of total count
                 A         B        C        D         E       F
            +---------+---------+-------+---------+---------+-------
      Total |   46855 |   16019 |  25.5 |     354 |     116 |  24.7
            +---------+---------+-------+---------+---------+-------
        D:1 |      61 |       0 |   0.0 |      29 |       0 |   0.0
        D:2 |      65 |       0 |   0.0 |      17 |       0 |   0.0
        D:3 |      25 |     312 |  92.6 |       8 |      13 |  61.9
        D:4 |      89 |     230 |  72.1 |      20 |      19 |  48.7
        D:5 |     577 |     871 |  60.2 |      18 |       3 |  14.3
        D:6 |     805 |       0 |   0.0 |      18 |       0 |   0.0
        D:7 |    1084 |       0 |   0.0 |      19 |       0 |   0.0
        D:8 |     901 |       0 |   0.0 |      28 |       0 |   0.0
        D:9 |    1518 |     531 |  25.9 |      24 |      19 |  44.2
       D:10 |     607 |       0 |   0.0 |      12 |       0 |   0.0
       D:11 |    3314 |     675 |  16.9 |      24 |       9 |  27.3
     Lair:1 |    4665 |    2753 |  37.1 |      19 |       3 |  13.6
     Lair:2 |    8052 |       0 |   0.0 |      30 |       0 |   0.0
     Lair:3 |    6301 |     331 |   5.0 |      25 |       2 |   7.4
     Lair:4 |    6351 |       0 |   0.0 |      19 |       0 |   0.0
     Lair:5 |   12440 |   10316 |  45.3 |      44 |      48 |  52.2
            +---------+---------+-------+---------+---------+-------
